Login

Edmonton Oilers vs Calgary Flames (R3)

Created - 01 May 2024 at 03:17

Goals
1 2 3 T
Edmonton Oilers 0 1 1 2
Calgary Flames 0 0 3 3
Shots
1 2 3 T
Edmonton Oilers 7 17 6 30
Calgary Flames 8 1 13 22

GoalsPenalties
1st period
No Goal
Darnell Nurse (EDM) for Holding Stick (Minor) at 7:03
Evander Kane (EDM) for Hooking (Minor) at 18:44
2nd period
1. Edmonton Oilers , Evander Kane 8 (Evan Bouchard 10, Darnell Nurse 13) at 12:33 (PP)
Jonathan Huberdeau (CGY) for Tripping (Minor) at 3:09
Vladislav Gavrikov (CGY) for Interference (Minor) at 7:45
Mikael Backlund (CGY) for Roughing (Minor) at 10:44
Nikita Zadorov (CGY) for Slashing (Minor) at 11:31
Damon Severson (CGY) for High sticking (Minor) at 13:16
3rd period
2. Calgary Flames , Jonathan Huberdeau 15 (Kirill Marchenko 10, Elias Lindholm 19) at 4:39
3. Calgary Flames , Elias Lindholm 17 (Jonathan Huberdeau 25) at 5:14 (PP)
4. Edmonton Oilers , Connor McDavid 9 (Ryan Nugent-Hopkins 16, Darnell Nurse 14) at 6:22 (PP)
5. Calgary Flames , Elias Lindholm 18 (Mikael Backlund 9, Andrew Mangiapane 8) at 9:45
Pierre-Luc Dubois (CGY) for Tripping (Minor) at 1:37
Darnell Nurse (EDM) for Delaying the game (Minor) at 5:10
Dillon Dube (CGY) for Interference (Minor) at 6:04
Darnell Nurse (EDM) for Interference (Minor) at 10:15
Goalie Stats
Stuart Skinner (EDM), 19 saves from 22 shots - (0.864), L, 7-7-3, 59:14 minutes
Jacob Markstrom (CGY), 28 saves from 30 shots - (0.933), W, 7-13-1, 60:00 minutes
3 StarsOfficial
1 - Elias Lindholm (CGY)
2 - Jonathan Huberdeau (CGY)
3 - Kirill Marchenko (CGY)
Referees : Jake Brenk and Adam Bloski
Linesman : Kyle Larson and Glen Cooke
Game Note
No Game Note
Finance
Level 1 -- Attendance: 5716 (95.27%) -- Ticket Income $571,600
Level 2 -- Attendance: 4486 (89.72%) -- Ticket Income $269,160
Level 3 -- Attendance: 1581 (79.05%) -- Ticket Income $55,335
Level 4 -- Attendance: 3040 (76.00%) -- Ticket Income $76,000
Luxury Box -- Attendance: 1000 (100.00%) -- Ticket Income $200,000
Game was played at the Scotiabank Saddledome.
Total Attendance: 15823 (87.91%)
Total Ticket Income: $1,172,095
Other Income: $574,327
Total Income: $1,746,422



Team Name Goals Shots Shots Attemp Shots Blocked PIM HIT PP PK FO%
Edmonton Oilers 2304968242 / 7 (29%)144%
Calgary Flames 32237814161 / 4 (25%)256%

Edmonton Oilers
Player Name POS G A P +/- PIM HIT SHT SB MP PP MP PP SHT PK MP PK SHT FO% FOT GA TA
Adam ErneLW000-1010110:160:0900:0400% 000
Brett KulakD000-1010012:090:0002:1800% 000
Connor McDavidC1010025025:017:3532:45041% 3213
Darnell NurseD022-1613125:237:5220:2200% 001
Derek RyanC0000000010:173:1100:00033% 600
Dylan HollowayLW000001007:080:0000:0000% 000
Evan BouchardD011-1000018:143:0300:1200% 000
Evander KaneLW101-1233015:403:1120:3600% 110
Leon DraisaitlC0000013023:477:5220:0000% 000
MacKenzie WeegarD0000001224:212:5403:4300% 000
Mattias EkholmD0000020020:200:0003:4300% 000
Mattias JanmarkC000-1033015:022:5312:5500% 100
Ryan McLeodC000-100209:330:0000:00067% 620
Ryan Nugent-HopkinsC011-1006222:077:3503:02153% 1511
Sam GagnerC000001007:130:0000:0000% 100
Vincent DesharnaisD000-1020011:110:0001:4400% 000
Warren FoegeleLW000-1001011:170:0000:000100% 100
Zach HymanLW0000063024:567:3522:4000% 100
Calgary Flames
Player Name POS G A P +/- PIM HIT SHT SB MP PP MP PP SHT PK MP PK SHT FO% FOT GA TA
Adam RuzickaC000000002:310:0001:5700% 000
Andrew MangiapaneLW0110011112:500:0000:0300% 000
Blake ColemanC000000002:320:0300:170100% 100
Chris TanevD0000000111:410:0000:0000% 000
Cody CeciD0002030221:052:4904:0000% 000
Damon SeversonD0000201127:113:1206:0000% 000
Dennis GilbertD0000010015:500:0004:0600% 000
Dillon DubeLW0000223016:202:5201:340100% 200
Elias LindholmC2132006026:283:0617:25058% 4010
Jonathan HuberdeauLW1122225021:253:0602:0100% 000
Kirill MarchenkoRW0112021019:003:0600:000100% 100
Mikael BacklundC0110201115:390:0302:02167% 611
Nazem KadriC0000014013:290:0000:00067% 301
Nikita ZadorovD0000210126:293:1205:5700% 001
Pierre-Luc DuboisC0000220020:092:5204:30030% 1031
Vladislav GavrikovD0002200019:072:4901:5400% 000
Walker DuehrRW0000010014:462:5200:0000% 101
Yegor SharangovichC000000011:190:0300:0000% 000

Edmonton Oilers

5 vs 5 Forward
Line #Left WingCenterRight WingPHYDFOFWanted %Time %Time Play
1Leon DraisaitlConnor McDavidZach Hyman0233934%14:09
2Evander KaneRyan Nugent-HopkinsWarren Foegele1223227%11:17
3Adam ErneRyan McLeodMattias Janmark1222023%9:30
4Dylan HollowayDerek RyanSam Gagner221917%7:08
5 vs 5 Defense
Line #DefenseDefensePHYDFOFWanted %Time %Time Play
1Darnell NurseEvan Bouchard2214036%15:03
2Mattias EkholmMacKenzie Weegar1313540%16:48
3Vincent DesharnaisBrett Kulak2301720%8:14
4Darnell NurseMacKenzie Weegar12285%1:59
Power Play Forward
Line #Left WingCenterRight WingPHYDFOFWanted %Time %Time Play
1Zach HymanConnor McDavidRyan Nugent-Hopkins0057070%7:35
2Evander KaneDerek RyanMattias Janmark0143030%3:11
Power Play Defense
Line #DefenseDefensePHYDFOFWanted %Time %Time Play
1Darnell NurseLeon Draisaitl0237073%7:52
2MacKenzie WeegarEvan Bouchard1223027%2:54
Penalty Kill 4 Players Forward
Line #CenterWingPHYDFOFWanted %Time %Time Play
1Ryan Nugent-HopkinsZach Hyman1315052%3:06
2Connor McDavidMattias Janmark1315048%2:55
Penalty Kill 4 Players Defense
Line #DefenseDefensePHYDFOFWanted %Time %Time Play
1Mattias EkholmMacKenzie Weegar1405562%3:43
2Darnell NurseBrett Kulak1404538%2:18
Penalty Kill 3 Players
Line #WingPHYDFOFWanted %Time %Time PlayDefenseDefensePHYDFOFWanted %Time %Time Play
1Ryan Nugent-Hopkins050500%0:00 Mattias EkholmMacKenzie Weegar140550%0:00
2Connor McDavid050500%0:00 Darnell NurseEvan Bouchard140450%0:00
4 vs 4 Forward
Line #CenterWingPHYDFOFWanted %Time %Time Play
1Connor McDavidLeon Draisaitl122600%0:00
2Ryan Nugent-HopkinsZach Hyman122400%0:00
4 vs 4 Defense
Line #DefensePHYDFOFWanted %Time %Time Play
1Mattias EkholmEvan Bouchard122600%0:00
2Darnell NurseMacKenzie Weegar122400%0:00
Last Minutes Offensive
Left WingCenterRight WingDefenseDefense
Leon DraisaitlConnor McDavidZach HymanMattias EkholmMacKenzie Weegar
Last Minutes Defensive
Left WingCenterRight WingDefenseDefense
Evander KaneRyan Nugent-HopkinsWarren FoegeleDarnell NurseEvan Bouchard
Time
Total ForwardTotal DefenseLast Minutes OffensiveLast Minutes Defensive
60:00 60:00 1:090:00
Extra Forwards
Normal PowerPlayPenalty Kill
Connor McDavid, Leon Draisaitl, Ryan Nugent-HopkinsZach Hyman, Adam ErneEvander Kane
Extra Defensemen
Normal PowerPlayPenalty Kill
Darnell Nurse, MacKenzie Weegar, Evan BouchardMattias Ekholm, Vincent DesharnaisBrett Kulak
Penalty Shots
Leon Draisaitl, Connor McDavid, Ryan Nugent-Hopkins, Zach Hyman, Evander Kane
Goalie
Stuart Skinner, Jack Campbell
Custom OT Lines Forwards
Leon Draisaitl, Connor McDavid, Ryan Nugent-Hopkins, Zach Hyman, Evander Kane, Adam Erne, Mattias Janmark, Ryan McLeod, Derek Ryan, Sam Gagner
Custom OT Lines Defensemen
Darnell Nurse, Mattias Ekholm, Evan Bouchard, MacKenzie Weegar, Brett Kulak
Scratches
Philip Broberg (Healthy)

Calgary Flames

5 vs 5 Forward
Line #Left WingCenterRight WingPHYDFOFWanted %Time %Time Play
1Jonathan HuberdeauElias LindholmKirill Marchenko1224035%14:38
2Dillon DubePierre-Luc DuboisWalker Duehr1223033%13:53
3Andrew MangiapaneMikael BacklundNazem Kadri1222030%12:43
4Elias LindholmNazem KadriPierre-Luc Dubois122102%0:46
5 vs 5 Defense
Line #DefenseDefensePHYDFOFWanted %Time %Time Play
1Nikita ZadorovDamon Severson1224041%17:23
2Cody CeciVladislav Gavrikov1223034%14:20
3Chris TanevDennis Gilbert1222022%9:21
4Nikita ZadorovDamon Severson122102%0:56
Power Play Forward
Line #Left WingCenterRight WingPHYDFOFWanted %Time %Time Play
1Jonathan HuberdeauElias LindholmKirill Marchenko1226052%3:09
2Dillon DubePierre-Luc DuboisWalker Duehr1224048%2:52
Power Play Defense
Line #DefenseDefensePHYDFOFWanted %Time %Time Play
1Nikita ZadorovDamon Severson1226053%3:12
2Cody CeciVladislav Gavrikov1224047%2:49
Penalty Kill 4 Players Forward
Line #CenterWingPHYDFOFWanted %Time %Time Play
1Elias LindholmPierre-Luc Dubois1226082%7:46
2Mikael BacklundJonathan Huberdeau1224018%1:44
Penalty Kill 4 Players Defense
Line #DefenseDefensePHYDFOFWanted %Time %Time Play
1Nikita ZadorovDamon Severson1226081%7:42
2Cody CeciVladislav Gavrikov1224019%1:48
Penalty Kill 3 Players
Line #WingPHYDFOFWanted %Time %Time PlayDefenseDefensePHYDFOFWanted %Time %Time Play
1Elias Lindholm12260100%1:16 Nikita ZadorovDamon Severson1226068%0:52
2Pierre-Luc Dubois122400%0:00 Cody CeciVladislav Gavrikov1224032%0:24
4 vs 4 Forward
Line #CenterWingPHYDFOFWanted %Time %Time Play
1Elias LindholmPierre-Luc Dubois122600%0:00
2Mikael BacklundJonathan Huberdeau122400%0:00
4 vs 4 Defense
Line #DefensePHYDFOFWanted %Time %Time Play
1Nikita ZadorovDamon Severson122600%0:00
2Cody CeciVladislav Gavrikov122400%0:00
Last Minutes Offensive
Left WingCenterRight WingDefenseDefense
Jonathan HuberdeauElias LindholmKirill MarchenkoNikita ZadorovDamon Severson
Last Minutes Defensive
Left WingCenterRight WingDefenseDefense
Jonathan HuberdeauElias LindholmKirill MarchenkoNikita ZadorovDamon Severson
Time
Total ForwardTotal DefenseLast Minutes OffensiveLast Minutes Defensive
60:00 60:00 0:001:13
Extra Forwards
Normal PowerPlayPenalty Kill
Blake Coleman, Yegor Sharangovich, Adam RuzickaBlake Coleman, Yegor SharangovichAdam Ruzicka
Extra Defensemen
Normal PowerPlayPenalty Kill
Chris Tanev, Dennis Gilbert, Cody CeciChris Tanev, Dennis GilbertCody Ceci
Penalty Shots
Elias Lindholm, Pierre-Luc Dubois, Mikael Backlund, Jonathan Huberdeau, Nazem Kadri
Goalie
Jacob Markstrom, Dan Vladar
Custom OT Lines Forwards
Elias Lindholm, Pierre-Luc Dubois, Mikael Backlund, Jonathan Huberdeau, Nazem Kadri, Dillon Dube, Andrew Mangiapane, Blake Coleman, Kirill Marchenko, Yegor Sharangovich
Custom OT Lines Defensemen
Nikita Zadorov, Damon Severson, Cody Ceci, Vladislav Gavrikov, Chris Tanev
Scratches
A.J. Greer (Healthy), Dryden Hunt (Healthy), Jordan Oesterle (Healthy)


Play-by-Play

1st period


0:01 of 1st period - Connor McDavid wins face-off versus Elias Lindholm in neutral zone.
1:08 of 1st period - Snap shot by Ryan Nugent-Hopkins.
1:08 of 1st period - Stopped by Jacob Markstrom without a rebound.
1:09 of 1st period - Ryan McLeod wins face-off versus Elias Lindholm in Calgary Flames zone.
1:10 of 1st period - Slapshot by Mattias Janmark.
1:10 of 1st period - Shot Blocked by Chris Tanev.
1:59 of 1st period - Snap shot by Dylan Holloway.
1:59 of 1st period - Deflect By Derek Ryan.
1:59 of 1st period - Shot Misses the Net.
1:59 of 1st period - Puck is out of play.
2:00 of 1st period - Mikael Backlund wins face-off versus Derek Ryan in Calgary Flames zone.
2:31 of 1st period - Wrist shot by Andrew Mangiapane.
2:31 of 1st period - Stopped by Stuart Skinner with a rebound.
2:48 of 1st period - Off-side.
2:49 of 1st period - Ryan McLeod wins face-off versus Elias Lindholm in neutral zone.
2:55 of 1st period - Off-side.
2:56 of 1st period - Elias Lindholm wins face-off versus Mattias Janmark in neutral zone.
2:59 of 1st period - Adam Erne is hit by Cody Ceci.
3:29 of 1st period - Wrist shot by Elias Lindholm.
3:29 of 1st period - Shot Blocked by Adam Erne.
3:31 of 1st period - Slapshot by Elias Lindholm.
3:31 of 1st period - Shot Misses the Net.
3:33 of 1st period - Slapshot by Cody Ceci.
3:33 of 1st period - Shot Blocked by Darnell Nurse.
3:53 of 1st period - Snap shot by Kirill Marchenko.
3:53 of 1st period - Stopped by Stuart Skinner without a rebound.
3:54 of 1st period - Ryan Nugent-Hopkins wins face-off versus Pierre-Luc Dubois in Edmonton Oilers zone.
3:54 of 1st period - Ryan Nugent-Hopkins is hit by Walker Duehr.
4:45 of 1st period - Derek Ryan is hit by Pierre-Luc Dubois and loses puck.
5:02 of 1st period - Elias Lindholm is hit by Zach Hyman and loses puck.
5:25 of 1st period - Off-side.
5:26 of 1st period - Ryan Nugent-Hopkins wins face-off versus Pierre-Luc Dubois in neutral zone.
5:53 of 1st period - Icing by Evan Bouchard.
5:54 of 1st period - Elias Lindholm wins face-off versus Connor McDavid in Edmonton Oilers zone.
6:05 of 1st period - Snap shot by Elias Lindholm.
6:05 of 1st period - Stopped by Stuart Skinner with a rebound.
7:03 of 1st period - Minor Penalty to Darnell Nurse for Holding Stick.
7:04 of 1st period - Pierre-Luc Dubois wins face-off versus Evander Kane in Edmonton Oilers zone.
7:24 of 1st period - Wrist shot by Ryan Nugent-Hopkins.
7:24 of 1st period - Stopped by Jacob Markstrom with a rebound.
7:26 of 1st period - Wrist shot by Ryan Nugent-Hopkins.
7:26 of 1st period - Shot Misses the Net.
7:45 of 1st period - Icing by Kirill Marchenko.
7:46 of 1st period - Dillon Dube wins face-off versus Ryan Nugent-Hopkins in Calgary Flames zone.
9:03 of 1st period - Penalty to Darnell Nurse is over, Darnell Nurse is back on ice.
9:06 of 1st period - Wrist shot by Ryan Nugent-Hopkins.
9:06 of 1st period - Stopped by Jacob Markstrom without a rebound.
9:07 of 1st period - Blake Coleman wins face-off versus Sam Gagner in Calgary Flames zone.
9:07 of 1st period - Blake Coleman is hit by Mattias Ekholm.
9:12 of 1st period - Off-side.
9:13 of 1st period - Derek Ryan wins face-off versus Mikael Backlund in neutral zone.
9:35 of 1st period - Icing by Chris Tanev.
9:36 of 1st period - Warren Foegele wins face-off versus Pierre-Luc Dubois in Calgary Flames zone.
10:01 of 1st period - Pierre-Luc Dubois is hit by Evander Kane and loses puck.
10:18 of 1st period - Snap shot by Pierre-Luc Dubois.
10:18 of 1st period - Shot Misses the Net.
10:20 of 1st period - Slapshot by Dillon Dube.
10:20 of 1st period - Stopped by Stuart Skinner without a rebound.
10:21 of 1st period - Kirill Marchenko wins face-off versus Connor McDavid in Edmonton Oilers zone.
10:36 of 1st period - Snap shot by Elias Lindholm.
10:36 of 1st period - Stopped by Stuart Skinner with a rebound.
12:08 of 1st period - MacKenzie Weegar is hit by Cody Ceci and loses puck.
12:35 of 1st period - Kirill Marchenko is hit by Sam Gagner and loses puck.
13:15 of 1st period - Icing by Connor McDavid.
13:16 of 1st period - Nazem Kadri wins face-off versus Connor McDavid in Edmonton Oilers zone.
13:21 of 1st period - Snap shot by Dillon Dube.
13:21 of 1st period - Stopped by Stuart Skinner without a rebound.
13:22 of 1st period - Ryan Nugent-Hopkins wins face-off versus Pierre-Luc Dubois in Edmonton Oilers zone.
14:38 of 1st period - Wrist shot by Connor McDavid.
14:38 of 1st period - Deflect By Leon Draisaitl.
14:38 of 1st period - Shot Misses the Net.
14:38 of 1st period - Puck is out of play.
14:39 of 1st period - Ryan Nugent-Hopkins wins face-off versus Pierre-Luc Dubois in Calgary Flames zone.
14:52 of 1st period - Wrist shot by Pierre-Luc Dubois.
14:52 of 1st period - Shot Blocked by Ryan Nugent-Hopkins.
14:54 of 1st period - Snap shot by Dillon Dube.
14:54 of 1st period - Stopped by Stuart Skinner without a rebound.
14:55 of 1st period - Mikael Backlund wins face-off versus Ryan McLeod in Edmonton Oilers zone.
14:58 of 1st period - Snap shot by Nazem Kadri.
14:58 of 1st period - Stopped by Stuart Skinner without a rebound.
14:59 of 1st period - Ryan McLeod wins face-off versus Mikael Backlund in Edmonton Oilers zone.
15:06 of 1st period - Slapshot by Ryan McLeod.
15:06 of 1st period - Stopped by Jacob Markstrom without a rebound.
15:07 of 1st period - Ryan Nugent-Hopkins wins face-off versus Nazem Kadri in Calgary Flames zone.
15:08 of 1st period - Snap shot by Evander Kane.
15:08 of 1st period - Stopped by Jacob Markstrom with a rebound.
15:46 of 1st period - Slapshot by Leon Draisaitl.
15:46 of 1st period - Shot Blocked by Damon Severson.
15:48 of 1st period - Wrist shot by Connor McDavid.
15:48 of 1st period - Stopped by Jacob Markstrom with a rebound.
16:34 of 1st period - Backhand shot by Ryan Nugent-Hopkins.
16:34 of 1st period - Stopped by Jacob Markstrom without a rebound.
16:35 of 1st period - Elias Lindholm wins face-off versus Ryan Nugent-Hopkins in Calgary Flames zone.
17:15 of 1st period - Icing by Mikael Backlund.
17:16 of 1st period - Dillon Dube wins face-off versus Ryan McLeod in Calgary Flames zone.
18:13 of 1st period - Wrist shot by Evander Kane.
18:13 of 1st period - Shot Hit the Post.
18:15 of 1st period - Snap shot by Evander Kane.
18:15 of 1st period - Deflect By Nazem Kadri.
18:15 of 1st period - Shot Blocked by Andrew Mangiapane.
18:15 of 1st period - Puck is out of play.
18:16 of 1st period - Connor McDavid wins face-off versus Pierre-Luc Dubois in Calgary Flames zone.
18:44 of 1st period - Minor Penalty to Evander Kane for Hooking.
18:45 of 1st period - Elias Lindholm wins face-off versus Connor McDavid in Edmonton Oilers zone.
18:55 of 1st period - Snap shot by Elias Lindholm.
18:55 of 1st period - Shot Misses the Net.
19:11 of 1st period - Pierre-Luc Dubois is hit by Zach Hyman and loses puck.
Goals for this period are 0 for Edmonton Oilers vs 0 for Calgary Flames.
Shots for this period are 7 for Edmonton Oilers vs 8 for Calgary Flames.

2nd period


0:01 of 2nd period - Ryan Nugent-Hopkins wins face-off versus Elias Lindholm in neutral zone.
0:44 of 2nd period - Penalty to Evander Kane is over, Evander Kane is back on ice.
0:47 of 2nd period - Icing by Elias Lindholm.
0:48 of 2nd period - Elias Lindholm wins face-off versus Derek Ryan in Calgary Flames zone.
1:10 of 2nd period - Icing by Vladislav Gavrikov.
1:11 of 2nd period - Nazem Kadri wins face-off versus Connor McDavid in Calgary Flames zone.
2:17 of 2nd period - Slapshot by Nazem Kadri.
2:17 of 2nd period - Stopped by Stuart Skinner with a rebound.
2:29 of 2nd period - Slapshot by MacKenzie Weegar.
2:29 of 2nd period - Stopped by Jacob Markstrom with a rebound.
3:02 of 2nd period - Wrist shot by Mattias Janmark.
3:02 of 2nd period - Stopped by Jacob Markstrom with a rebound.
3:04 of 2nd period - Slapshot by Mattias Janmark.
3:04 of 2nd period - Stopped by Jacob Markstrom without a rebound.
3:05 of 2nd period - Ryan Nugent-Hopkins wins face-off versus Elias Lindholm in Calgary Flames zone.
3:09 of 2nd period - Minor Penalty to Jonathan Huberdeau for Tripping.
3:10 of 2nd period - Elias Lindholm wins face-off versus Connor McDavid in Calgary Flames zone.
3:26 of 2nd period - Zach Hyman is hit by Pierre-Luc Dubois and loses puck.
3:37 of 2nd period - Nikita Zadorov is hit by Mattias Janmark and loses puck.
5:09 of 2nd period - Penalty to Jonathan Huberdeau is over, Jonathan Huberdeau is back on ice.
5:39 of 2nd period - Pierre-Luc Dubois is hit by Vincent Desharnais.
6:15 of 2nd period - Cody Ceci is hit by Darnell Nurse and loses puck.
6:30 of 2nd period - Walker Duehr is hit by Brett Kulak.
7:45 of 2nd period - Minor Penalty to Vladislav Gavrikov for Interference.
7:46 of 2nd period - Elias Lindholm wins face-off versus Connor McDavid in Calgary Flames zone.
8:01 of 2nd period - Wrist shot by Connor McDavid.
8:01 of 2nd period - Shot Blocked by Nikita Zadorov.
8:03 of 2nd period - Snap shot by Zach Hyman.
8:03 of 2nd period - Stopped by Jacob Markstrom without a rebound.
8:04 of 2nd period - Connor McDavid wins face-off versus Elias Lindholm in Calgary Flames zone.
8:11 of 2nd period - Damon Severson is hit by Zach Hyman.
8:50 of 2nd period - Slapshot by Darnell Nurse.
8:50 of 2nd period - Stopped by Jacob Markstrom with a rebound.
8:52 of 2nd period - Wrist shot by Derek Ryan.
8:52 of 2nd period - Shot Blocked by Cody Ceci.
8:54 of 2nd period - Slapshot by Darnell Nurse.
8:54 of 2nd period - Stopped by Jacob Markstrom without a rebound.
8:55 of 2nd period - Connor McDavid wins face-off versus Elias Lindholm in Calgary Flames zone.
9:39 of 2nd period - Elias Lindholm is hit by Mattias Janmark and loses puck.
9:45 of 2nd period - Penalty to Vladislav Gavrikov is over, Vladislav Gavrikov is back on ice.
10:10 of 2nd period - Slapshot by Darnell Nurse.
10:10 of 2nd period - Stopped by Jacob Markstrom with a rebound.
10:22 of 2nd period - Ryan Nugent-Hopkins is hit by Jonathan Huberdeau and loses puck.
10:44 of 2nd period - Minor Penalty to Mikael Backlund for Roughing.
10:45 of 2nd period - Connor McDavid wins face-off versus Elias Lindholm in Calgary Flames zone.
11:31 of 2nd period - Minor Penalty to Nikita Zadorov for Slashing.
11:32 of 2nd period - Derek Ryan wins face-off versus Elias Lindholm in Calgary Flames zone.
11:36 of 2nd period - Slapshot by Leon Draisaitl.
11:36 of 2nd period - Stopped by Jacob Markstrom with a rebound.
11:38 of 2nd period - Snap shot by Mattias Janmark.
11:38 of 2nd period - Stopped by Jacob Markstrom without a rebound.
11:39 of 2nd period - Elias Lindholm wins face-off versus Derek Ryan in Calgary Flames zone.
11:39 of 2nd period - Elias Lindholm is hit by Evander Kane.
11:55 of 2nd period - Slapshot by Leon Draisaitl.
11:55 of 2nd period - Deflect By Evander Kane.
11:55 of 2nd period - Stopped by Jacob Markstrom without a rebound.
11:56 of 2nd period - Elias Lindholm wins face-off versus Connor McDavid in Calgary Flames zone.
12:31 of 2nd period - Snap shot by Evander Kane.
12:31 of 2nd period - Shot Misses the Net.
12:33 of 2nd period - Backhand shot by Evander Kane.
12:33 of 2nd period - Goal by Evander Kane - Edmonton Oilers : 1 - Calgary Flames : 0.
12:34 of 2nd period - Elias Lindholm wins face-off versus Connor McDavid in neutral zone.
12:42 of 2nd period - Off-side.
12:43 of 2nd period - Connor McDavid wins face-off versus Elias Lindholm in neutral zone.
12:52 of 2nd period - Slapshot by Connor McDavid.
12:52 of 2nd period - Stopped by Jacob Markstrom without a rebound.
12:53 of 2nd period - Elias Lindholm wins face-off versus Connor McDavid in Calgary Flames zone.
13:16 of 2nd period - Minor Penalty to Damon Severson for High sticking.
13:17 of 2nd period - Connor McDavid wins face-off versus Elias Lindholm in Calgary Flames zone.
13:24 of 2nd period - Slapshot by Connor McDavid.
13:24 of 2nd period - Stopped by Jacob Markstrom without a rebound.
13:25 of 2nd period - Elias Lindholm wins face-off versus Connor McDavid in Calgary Flames zone.
13:25 of 2nd period - Cody Ceci is hit by Connor McDavid and loses puck.
13:31 of 2nd period - Penalty to Nikita Zadorov is over, Nikita Zadorov is back on ice.
13:36 of 2nd period - Snap shot by Connor McDavid.
13:36 of 2nd period - Shot Blocked by Cody Ceci.
13:38 of 2nd period - Snap shot by Leon Draisaitl.
13:38 of 2nd period - Stopped by Jacob Markstrom with a rebound.
13:40 of 2nd period - Wrist shot by Zach Hyman.
13:40 of 2nd period - Stopped by Jacob Markstrom with a rebound.
14:01 of 2nd period - Icing by Ryan Nugent-Hopkins.
14:02 of 2nd period - Connor McDavid wins face-off versus Elias Lindholm in Edmonton Oilers zone.
14:38 of 2nd period - Slapshot by Elias Lindholm.
14:38 of 2nd period - Shot Misses the Net.
14:59 of 2nd period - Darnell Nurse is hit by Dennis Gilbert and loses puck.
15:16 of 2nd period - Penalty to Damon Severson is over, Damon Severson is back on ice.
16:10 of 2nd period - Wrist shot by Ryan Nugent-Hopkins.
16:10 of 2nd period - Shot Hit the Post.
16:12 of 2nd period - Snap shot by Ryan Nugent-Hopkins.
16:12 of 2nd period - Stopped by Jacob Markstrom with a rebound.
16:14 of 2nd period - Wrist shot by Ryan Nugent-Hopkins.
16:14 of 2nd period - Stopped by Jacob Markstrom without a rebound.
16:15 of 2nd period - Ryan McLeod wins face-off versus Pierre-Luc Dubois in Calgary Flames zone.
16:47 of 2nd period - Derek Ryan is hit by Dillon Dube and loses puck.
17:23 of 2nd period - Snap shot by Andrew Mangiapane.
17:23 of 2nd period - Shot Misses the Net.
18:00 of 2nd period - Mikael Backlund is hit by Mattias Janmark and loses puck.
19:22 of 2nd period - MacKenzie Weegar is hit by Cody Ceci and loses puck.
Goals for this period are 1 for Edmonton Oilers vs 0 for Calgary Flames.
Shots for this period are 17 for Edmonton Oilers vs 1 for Calgary Flames.

3rd period


0:01 of 3rd period - Connor McDavid wins face-off versus Elias Lindholm in neutral zone.
0:04 of 3rd period - Slapshot by Evan Bouchard.
0:04 of 3rd period - Deflect By Zach Hyman.
0:04 of 3rd period - Stopped by Jacob Markstrom without a rebound.
0:05 of 3rd period - Elias Lindholm wins face-off versus Connor McDavid in Calgary Flames zone.
0:05 of 3rd period - Elias Lindholm is hit by Connor McDavid.
0:19 of 3rd period - Snap shot by Jonathan Huberdeau.
0:19 of 3rd period - Stopped by Stuart Skinner with a rebound.
0:21 of 3rd period - Slapshot by Damon Severson.
0:21 of 3rd period - Stopped by Stuart Skinner without a rebound.
0:22 of 3rd period - Pierre-Luc Dubois wins face-off versus Ryan Nugent-Hopkins in Edmonton Oilers zone.
0:54 of 3rd period - Kirill Marchenko is hit by Zach Hyman and loses puck.
1:24 of 3rd period - Snap shot by Dylan Holloway.
1:24 of 3rd period - Shot Blocked by Mikael Backlund.
1:37 of 3rd period - Minor Penalty to Pierre-Luc Dubois for Tripping.
1:38 of 3rd period - Connor McDavid wins face-off versus Elias Lindholm in Calgary Flames zone.
2:08 of 3rd period - Slapshot by Nikita Zadorov.
2:08 of 3rd period - Shot Blocked by MacKenzie Weegar.
2:10 of 3rd period - Slapshot by Damon Severson.
2:10 of 3rd period - Shot Misses the Net.
2:42 of 3rd period - Slapshot by Mikael Backlund.
2:42 of 3rd period - Stopped by Stuart Skinner with a rebound.
3:15 of 3rd period - Derek Ryan is hit by Jonathan Huberdeau and loses puck.
3:34 of 3rd period - Damon Severson is hit by Zach Hyman and loses puck.
3:37 of 3rd period - Penalty to Pierre-Luc Dubois is over, Pierre-Luc Dubois is back on ice.
3:59 of 3rd period - Slapshot by Nazem Kadri.
3:59 of 3rd period - Stopped by Stuart Skinner without a rebound.
4:00 of 3rd period - Mikael Backlund wins face-off versus Derek Ryan in Edmonton Oilers zone.
4:01 of 3rd period - Wrist shot by Andrew Mangiapane.
4:01 of 3rd period - Shot Blocked by MacKenzie Weegar.
4:19 of 3rd period - Snap shot by Elias Lindholm.
4:19 of 3rd period - Stopped by Stuart Skinner without a rebound.
4:20 of 3rd period - Elias Lindholm wins face-off versus Ryan Nugent-Hopkins in Edmonton Oilers zone.
4:35 of 3rd period - Wrist shot by Jonathan Huberdeau.
4:35 of 3rd period - Shot Misses the Net.
4:37 of 3rd period - Wrist shot by Kirill Marchenko.
4:37 of 3rd period - Shot Blocked by Ryan Nugent-Hopkins.
4:39 of 3rd period - Snap shot by Jonathan Huberdeau.
4:39 of 3rd period - Goal by Jonathan Huberdeau - Edmonton Oilers : 1 - Calgary Flames : 1.
4:40 of 3rd period - Elias Lindholm wins face-off versus Connor McDavid in neutral zone.
5:10 of 3rd period - Minor Penalty to Darnell Nurse for Delaying the game.
5:11 of 3rd period - Elias Lindholm wins face-off versus Connor McDavid in Edmonton Oilers zone.
5:14 of 3rd period - Wrist shot by Elias Lindholm.
5:14 of 3rd period - Goal by Elias Lindholm - Edmonton Oilers : 1 - Calgary Flames : 2.
5:15 of 3rd period - Elias Lindholm wins face-off versus Connor McDavid in neutral zone.
5:20 of 3rd period - Icing by Connor McDavid.
5:21 of 3rd period - Elias Lindholm wins face-off versus Zach Hyman in Edmonton Oilers zone.
5:28 of 3rd period - Darnell Nurse is hit by Kirill Marchenko and loses puck.
5:49 of 3rd period - Snap shot by Evander Kane.
5:49 of 3rd period - Deflect By Ryan Nugent-Hopkins.
5:49 of 3rd period - Shot Misses the Net.
5:49 of 3rd period - Puck is out of play.
5:50 of 3rd period - Ryan Nugent-Hopkins wins face-off versus Walker Duehr in Calgary Flames zone.
6:04 of 3rd period - Minor Penalty to Dillon Dube for Interference.
6:05 of 3rd period - Connor McDavid wins face-off versus Elias Lindholm in Calgary Flames zone.
6:22 of 3rd period - Snap shot by Connor McDavid.
6:22 of 3rd period - Goal by Connor McDavid - Edmonton Oilers : 2 - Calgary Flames : 2.
6:23 of 3rd period - Elias Lindholm wins face-off versus Connor McDavid in neutral zone.
7:33 of 3rd period - Mattias Ekholm is hit by Kirill Marchenko and loses puck.
8:13 of 3rd period - Icing by Warren Foegele.
8:14 of 3rd period - Mikael Backlund wins face-off versus Ryan Nugent-Hopkins in Edmonton Oilers zone.
8:17 of 3rd period - Wrist shot by Nazem Kadri.
8:17 of 3rd period - Stopped by Stuart Skinner with a rebound.
8:19 of 3rd period - Wrist shot by Jonathan Huberdeau.
8:19 of 3rd period - Stopped by Stuart Skinner without a rebound.
8:20 of 3rd period - Connor McDavid wins face-off versus Elias Lindholm in Edmonton Oilers zone.
8:50 of 3rd period - Wrist shot by Elias Lindholm.
8:50 of 3rd period - Shot Misses the Net.
8:52 of 3rd period - Wrist shot by Elias Lindholm.
8:52 of 3rd period - Stopped by Stuart Skinner without a rebound.
8:53 of 3rd period - Pierre-Luc Dubois wins face-off versus Ryan Nugent-Hopkins in Edmonton Oilers zone.
9:33 of 3rd period - Wrist shot by Connor McDavid.
9:33 of 3rd period - Stopped by Jacob Markstrom with a rebound.
9:45 of 3rd period - Wrist shot by Elias Lindholm.
9:45 of 3rd period - Goal by Elias Lindholm - Edmonton Oilers : 2 - Calgary Flames : 3.
9:46 of 3rd period - Elias Lindholm wins face-off versus Connor McDavid in neutral zone.
9:51 of 3rd period - Snap shot by Jonathan Huberdeau.
9:51 of 3rd period - Stopped by Stuart Skinner without a rebound.
9:52 of 3rd period - Elias Lindholm wins face-off versus Connor McDavid in Edmonton Oilers zone.
10:09 of 3rd period - Slapshot by Jonathan Huberdeau.
10:09 of 3rd period - Stopped by Stuart Skinner with a rebound.
10:15 of 3rd period - Minor Penalty to Darnell Nurse for Interference.
10:16 of 3rd period - Elias Lindholm wins face-off versus Ryan Nugent-Hopkins in Edmonton Oilers zone.
10:17 of 3rd period - Slapshot by Jonathan Huberdeau.
10:17 of 3rd period - Shot Misses the Net.
10:43 of 3rd period - Mattias Ekholm is hit by Dillon Dube and loses puck.
11:38 of 3rd period - MacKenzie Weegar is hit by Nikita Zadorov and loses puck.
12:15 of 3rd period - Penalty to Darnell Nurse is over, Darnell Nurse is back on ice.
12:40 of 3rd period - Darnell Nurse is hit by Andrew Mangiapane and loses puck.
13:33 of 3rd period - Jonathan Huberdeau is hit by Evander Kane.
14:22 of 3rd period - Nikita Zadorov is hit by Dylan Holloway.
15:04 of 3rd period - Chris Tanev is hit by Adam Erne and loses puck.
15:13 of 3rd period - Adam Erne is hit by Nazem Kadri and loses puck.
16:21 of 3rd period - Slapshot by Evan Bouchard.
16:21 of 3rd period - Shot Blocked by Yegor Sharangovich.
16:45 of 3rd period - Pierre-Luc Dubois is hit by Leon Draisaitl and loses puck.
17:28 of 3rd period - Slapshot by Brett Kulak.
17:28 of 3rd period - Deflect By Mattias Janmark.
17:28 of 3rd period - Shot Misses the Net.
17:28 of 3rd period - Puck is out of play.
17:29 of 3rd period - Connor McDavid wins face-off versus Elias Lindholm in Calgary Flames zone.
18:02 of 3rd period - Slapshot by Evan Bouchard.
18:02 of 3rd period - Shot Misses the Net.
18:08 of 3rd period - Wrist shot by Ryan Nugent-Hopkins.
18:08 of 3rd period - Shot Misses the Net.
18:10 of 3rd period - Wrist shot by Warren Foegele.
18:10 of 3rd period - Stopped by Jacob Markstrom with a rebound.
18:34 of 3rd period - Walker Duehr is hit by Mattias Ekholm and loses puck.
18:39 of 3rd period - Slapshot by Evan Bouchard.
18:39 of 3rd period - Deflect By Ryan McLeod.
18:39 of 3rd period - Stopped by Jacob Markstrom with a rebound.
19:11 of 3rd period - Kirill Marchenko is hit by Vincent Desharnais and loses puck.
19:14 of 3rd period - Edmonton Oilers, Stuart Skinner is pulled from the net.
19:28 of 3rd period - Snap shot by Leon Draisaitl.
19:28 of 3rd period - Stopped by Jacob Markstrom without a rebound.
19:29 of 3rd period - Jimmy Teiffel call a timeout for Edmonton Oilers.
19:29 of 3rd period - Elias Lindholm wins face-off versus Connor McDavid in Calgary Flames zone.
19:29 of 3rd period - Elias Lindholm is hit by Zach Hyman.
19:42 of 3rd period - Slapshot by Leon Draisaitl.
19:42 of 3rd period - Shot Misses the Net.
Goals for this period are 1 for Edmonton Oilers vs 3 for Calgary Flames.
Shots for this period are 6 for Edmonton Oilers vs 13 for Calgary Flames.